 Dungeon Crawl Stone Soup version 0.24.0-37-gcf1ca852f1 (webtiles) character file.

Game seed: 13000125401649214443, levelgen mode: deterministic

33 grindst0ne the Insei (level 3, -2/28 HPs)
             Began as a Gnoll Transmuter on Nov 24, 2019.
             Splashed by a jelly's acid (7 damage)
             ... on level 2 of the Dungeon.
             The game lasted 00:03:08 (1214 turns).

grindst0ne the Insei (Gnoll Transmuter)             Turns: 1214, Time: 00:03:09

Health: -2/28      AC:  3    Str: 12    XL:     3   Next: 29%
Magic:  7/9        EV: 15    Int: 15    God:
Gold:   50         SH:  0    Dex: 16    Spells: 6/12 levels left

rFire    . . .     SeeInvis .   i - +0 mace
rCold    . . .     Gourm    .   (no shield)
rNeg     . . .     Faith    .   b - +0 robe
rPois    .         Spirit   .   (no helmet)
rElec    .         Reflect  .   (no cloak)
rCorr    .         Harm     .   (no gloves)
MR       .....                  e - +0 pair of boots (curse)
Stlth    ++........             (no amulet)
HPRegen  0.09/turn              (no ring)
MPRegen  0.11/turn              (no ring)

@: no status effects
A: distributed training, fangs 1, strong nose
a: no special abilities


You were on level 2 of the Dungeon.
You were not hungry.

You visited 1 branch of the dungeon, and saw 2 of its levels.

You collected 50 gold pieces.

Inventory:

Hand Weapons
 h - a +0 club
 i - a +0 mace (weapon)
Missiles
 a - 33 arrows
Armour
 b - a +0 robe (worn)
 e - a cursed +0 pair of boots (worn)
Scrolls
 c - a scroll of identify {unknown}
 f - a scroll of immolation {unknown}
 g - 2 scrolls of remove curse {unknown}
 l - a scroll of teleportation {unknown}
 n - a scroll of enchant weapon {unknown}
Potions
 j - a potion of heal wounds {unknown}
 k - a potion of degeneration {unknown}
Comestibles
 d - 4 rations
 m - 7 chunks of flesh


   Skills:
 + Level 2.6 Fighting
 + Level 0.7 Short Blades
 + Level 0.7 Long Blades
 + Level 0.7 Axes
 + Level 0.7 Maces & Flails
 + Level 0.7 Polearms
 + Level 0.7 Staves
 + Level 0.7 Slings
 + Level 0.7 Bows
 + Level 0.7 Crossbows
 + Level 0.7 Throwing
 + Level 0.7 Armour
 + Level 4.5 Dodging
 + Level 0.7 Stealth
 + Level 0.7 Shields
 + Level 6.5 Unarmed Combat
 + Level 5.0 Spellcasting
 + Level 0.5 Conjurations
 + Level 0.5 Hexes
 + Level 0.5 Charms
 + Level 0.5 Summonings
 + Level 0.5 Necromancy
 + Level 0.5 Translocations
 + Level 3.7 Transmutations
 + Level 0.5 Fire Magic
 + Level 0.5 Ice Magic
 + Level 0.5 Air Magic
 + Level 0.5 Earth Magic
 + Level 0.5 Poison Magic
 + Level 0.9 Invocations
 + Level 0.7 Evocations


You had 6 spell levels left.
You knew the following spells:

 Your Spells              Type           Power        Failure   Level  Hunger
a - Beastly Appendage     Tmut           ###...       3%          1    None
b - Sticks to Snakes      Tmut           ###.....     5%          2    ##.....
c - Spider Form           Tmut/Pois      ##........   21%         3    ###....

Your spell library contained the following spells:

 Spells                   Type           Power        Failure   Level  Hunger
 Ice Form                 Ice/Tmut       ##......     56%         4    ####...
 Blade Hands              Tmut           ###.......   67%         5    ######.


Dungeon Overview and Level Annotations

Branches:
Dungeon (2/15)

Altars:


Innate Abilities, Weirdness & Mutations

Your experience applies equally to all skills.
You have very sharp teeth.
Your uncanny sense of smell can sniff out nearby items.


Message History

The jelly quivers.
You hit the jelly but do no damage. The acid corrodes you!
Your hands burn!
The jelly completely misses you.
You hit the jelly.
Your hands burn!
The jelly is moderately wounded.
The jelly misses you. The jelly hits you. The acid corrodes you!
You are splashed with acid!
You hit the jelly.
Your hands burn!
* * * LOW HITPOINT WARNING * * *
The jelly is heavily wounded.
The jelly closely misses you.
You see here a bat skeleton.
There is a stone staircase leading up here.
You are no longer corroded.
Casting: Beastly Appendage (safe; 3% risk of failure)
Confirm with . or Enter, or press ? or * to list all spells.
You create a snake!
You now have 33 arrows.
The jelly hits you.
* * * LOW HITPOINT WARNING * * *
You are splashed with acid!
You die...

....(..####....'...#
....... #.#..#...#
####### #.#..#####
##..<....#
#........#
#..#..##.#
#.#####..#.....#
#....)S....###.#
########@### #.# #J#
#.# #.#####.####..
#.............#
#######.###...# #.#
.# #.# #.. #..


You could see a jelly and a friendly ball python.

Vanquished Creatures
  An ooze (D:1)
  A dart slug (D:1)
  3 bats
  5 hobgoblins
  5 jackals (D:1)
  A kobold (D:1)
  5 frilled lizards
  3 goblins (D:1)
  2 rats (D:1)
26 creatures vanquished.

Notes
Turn   | Place    | Note
-------+----------+-------------------------------------------
     0 | D:1      | grindst0ne the Gnoll Transmuter began the quest for the
                  | Orb.
     0 | D:1      | Reached XP level 1. HP: 17/17 MP: 6/6
    72 | D:1      | Reached XP level 2. HP: 3/23 MP: 5/7
   428 | D:1      | Learned a level 2 spell: Sticks to Snakes
   919 | D:1      | Reached XP level 3. HP: 28/28 MP: 9/9
   999 | D:1      | Reached skill level 5 in Spellcasting
  1017 | D:1      | Learned a level 3 spell: Spider Form
  1214 | D:2      | Splashed by a jelly's acid

Levels and vault maps discovered:
D:1:      dpeg_arrival_short_road, layout_loops_ring, minmay_pentomino_s2
D:2:      kennysheep_big_flooded_room, layout_basic

Skill      XL: |  1  2  3 |
---------------+----------+-----
Spellcasting   | 5 |  5.0
Fighting       | |  2.6
Short Blades   | |  0.7
Long Blades    | |  0.7
Axes           | |  0.7
Maces & Flails | |  0.7
Polearms       | |  0.7
Staves         | |  0.7
Slings         | |  0.7
Bows           | |  0.7
Crossbows      | |  0.7
Throwing       | |  0.7
Armour         | |  0.7
Dodging        | |  4.5
Stealth        | |  0.7
Shields        | |  0.7
Unarmed Combat | |  6.5
Conjurations   | |  0.5
Hexes          | |  0.5
Charms         | |  0.5
Summonings     | |  0.5
Necromancy     | |  0.5
Translocations | |  0.5
Transmutations | |  3.7
Fire Magic     | |  0.5
Ice Magic      | |  0.5
Air Magic      | |  0.5
Earth Magic    | |  0.5
Poison Magic   | |  0.5
Invocations    | |  0.9
Evocations     | |  0.7

Action                   || total
-------------------------++-------
Melee: Unarmed           ||    30
       Kick              ||     4
       Bite              ||     8
       Mace              ||    51
       Headbutt          ||     4
       Punch             ||     1
 Cast: Beastly Appendage ||     9
       Sticks to Snakes  ||     2
 Stab: Sleeping          ||     3
  Eat: Chunk             ||     1
Armor: Robe              ||    17
Dodge: Dodged            ||    65
